 Dungeon Crawl Stone Soup version 0.29.1-2-gbd0b4ee654 (webtiles) character file.

Game seed: 15818509678299018867

57 xian the Trooper (level 4, -9/42 HPs)
             Began as a Naga Abyssal Knight on Oct 27, 2022.
             Was a Believer of Lugonu.
             Killed from afar by Natasha (25 damage)
             ... with a bolt of dispelling energy
             ... on level 2 of the Dungeon.
             The game lasted 00:02:38 (1706 turns).

xian the Trooper (Naga Abyssal Knight)              Turns: 1706, Time: 00:02:38

Health: -9/42      AC:  3    Str: 18    XL:     4   Next: 0%
Magic:  5/5        EV:  9    Int: 10    God:    Lugonu [**....]
Gold:   68         SH:  0    Dex: 17    Spells: 3/3 levels left

rFire   . . .      SeeInvis +   a - +1 hand axe
rCold   . . .      Faith    .   (no shield)
rNeg    . . .      Spirit   .   b - +0 leather armour
rPois   +          Reflect  .   (no helmet)
rElec   .          Harm     .   (no cloak)
rCorr   .          Rampage  .   (no gloves)
Will    .....                   (no barding)
Stlth   +.........              (no amulet)
HPRegen 0.14/turn               g - +6 ring of dexterity
MPRegen 0.09/turn               (no ring)

@: short of breath, very slow
A: AC +1, large, see invisible, deformed body, poison resistance, slowness 2,
spit poison 1, naga tail 1
a: Spit Poison, Renounce Religion, Depart the Abyss, Bend Space


You were on level 2 of the Dungeon.
You worshipped Lugonu.
Lugonu was pleased with you.
You visited 1 branch of the dungeon, and saw 2 of its levels.
You visited the Abyss 1 time.

You collected 68 gold pieces.

Inventory:

Hand Weapons
 a - a +1 hand axe (weapon)
Armour
 b - a +0 leather armour (worn)
Jewellery
 g - a +6 ring of dexterity (left hand)
Scrolls
 c - 2 scrolls of teleportation {unknown}
 d - 2 scrolls of identify {unknown}
 e - a scroll of vulnerability {unknown}
 f - a scroll of torment {unknown}


   Skills:
 + Level 3.5 Fighting
 + Level 2.4 Axes
 + Level 2.2 Armour
 + Level 1.0 Dodging
 + Level 0.6 Stealth
 * Level 2.5 Invocations


You had 3 spell levels left.
You didn't know any spells.
Your spell library contained the following spells:

 Spells                   Type           Power      Damage    Failure   Level
 Ensorcelled Hibernation  Hex/Ice        0%         N/A       56%         2
 Passwall                 Tmut/Erth      0%         N/A       56%         2
 Swiftness                Air            0%         N/A       80%         3


Dungeon Overview and Level Annotations

Branches:
Dungeon (2/15)

Altars:

Annotations:
D:2 Natasha


Innate Abilities, Weirdness & Mutations

Your serpentine skin is tough. (AC +1)
You have supernaturally acute eyesight. (SInv)
Armour fits poorly on your strangely shaped body.
Your system is resistant to poisons. (rPois)
You cover ground very slowly.
You can spit poison.
You have a snake-like lower body.


Message History

The splash of poison hits Natasha.
Natasha is poisoned.
Natasha is moderately wounded.
Natasha mumbles some strange words.
Unknown command.
You have got your breath back.
The kobold hits you but does no damage.
Natasha mumbles some strange words.
The kobold hits you but does no damage. The kobold attacks as you move away!
The kobold hits you with a +0 short sword.
Natasha looks more healthy.
The kobold hits you with a +0 short sword. x2
The kobold attacks as you move away!
The kobold hits you but does no damage. x2
The kobold attacks as you move away! The kobold barely misses you.
The kobold throws a stone.
The stone closely misses you.
The kobold throws a stone.
The stone barely misses you. The kobold hits you but does no damage.
The kobold barely misses you.
You hit the kobold.
You kill the kobold!
Lugonu accepts your kill.
You feel yourself speed up. The frilled lizard barely misses you.
Unknown command.
You barely miss the frilled lizard. The frilled lizard bites you.
Unknown command.
You hit the frilled lizard.
You kill the frilled lizard!
Lugonu accepts your kill.
The crimson imp blinks!
You have reached level 4!
You feel stronger.
Aiming: Spit Poison (1% risk of failure)
Press: ? - help, Shift-Dir - straight line, f/p - Natasha
Aim: Natasha, carrying a wand of quicksilver (9) (heavily wounded, 50% to hit)
The splash of poison hits Natasha.
Natasha is poisoned.
Natasha is severely wounded.
Natasha zaps a wand.
The bolt of dispelling energy hits you!!
Ouch! That really hurt!
You die...

..... ..[
#######.#♣
..)......# .
#######.#♣ # #
##...# .## ##
#h###♣.♣.# #.
#.#.....# ##.
#@#.#♣.♣##. # ##..
##.......##.###...
##..##...........
#.........##..#.
##........###...
#...........#..
##.##(..###..#.
#.# ##.# ##...
#.####.# #...


You could see Natasha (poisoned).

Vanquished Creatures
  Jessica (D:2)
  A gnoll (D:1)
  A dart slug (D:1)
  2 endoplasms
  2 hobgoblins (D:1)
  3 ball pythons
  A bat (D:1)
  3 frilled lizards
  2 goblins (D:1)
  4 kobolds
  4 rats
24 creatures vanquished.

Notes
Turn   | Place    | Note
-------+----------+-------------------------------------------
     0 | Abyss:1  | xian the Naga Abyssal Knight began the quest for the Orb.
     0 | Abyss:1  | Reached XP level 1. HP: 21/21 MP: 2/2
    26 | D:1      | Escaped the Abyss
   408 | D:1      | Reached ** piety under Lugonu
   409 | D:1      | Reached XP level 2. HP: 13/28 MP: 3/3
  1108 | D:1      | Reached XP level 3. HP: 34/34 MP: 4/4
  1488 | D:2      | Noticed Jessica
  1493 | D:2      | Killed Jessica
  1494 | D:2      | Reached skill level 1 in Dodging
  1692 | D:2      | Noticed Natasha
  1705 | D:2      | Reached XP level 4. HP: 16/42 MP: 5/5
  1706 | D:2      | Killed from afar by Natasha

Illustrated notes

Levels and vault maps discovered:
D:1:      ebering_hopf_link, layout_basic
D:2:      layout_loops_cross, basic_altar, serial_forest,
          infiniplex_forest_zigzag_2, infiniplex_forest_end_2,
          infiniplex_forest_clump_small, infiniplex_forest_lined_3_way,
          infiniplex_forest_lined_2, infiniplex_forest_lined_3_way,
          infiniplex_forest_lined_ring, ebering_ecumenical_altar_abandoned,
          uniq_jessica, uniq_natasha

Skill      XL: |  1  2  3 |
---------------+----------+-----
Armour         | 2 |  2.2
Dodging        | 1 |  1.0
Fighting       | |  3.5
Axes           | |  2.4
Stealth        | |  0.6
Invocations    | |  2.5

Action                   |  1- 3 |  4- 6 || total
-------------------------+-------+-------++-------
Melee: Hand axe          |    46 |       ||    46
       Punch             |     1 |       ||     1
Invok: Depart the Abyss  |     1 |       ||     1
 Abil: Spit Poison       |    15 |     1 ||    16
Armor: Leather armour    |    19 |       ||    19
Dodge: Dodged            |    21 |       ||    21
